 Dungeon Crawl Stone Soup version 0.21-a0-352-g5b8f553 (webtiles) character file.

170 CanOfBees the Skirmisher (level 5, 0/47 HPs)
             Began as a Draconian Berserker on Oct 11, 2017.
             Was a Believer of Trog.
             Slain by an orc priest
             ... wielding a +0 flail
              (8 damage)
             ... on level 3 of the Dungeon.
             The game lasted 00:03:35 (2742 turns).

CanOfBees the Skirmisher (Draconian Berserker)      Turns: 2742, Time: 00:03:36

Health: 0/47       AC:  6    Str: 21    XL:     5   Next: 25%
Magic:  5/5        EV:  8    Int:  7    God:    Trog [**....]
Gold:   81         SH: 12    Dex: 10    Spells: 4/4 levels left

rFire    . . .     SeeInvis .   a - +0 hand axe
rCold    . . .     Gourm    .   l - +0 large shield
rNeg     . . .     Faith    .   (armour unavailable)
rPois    .         Spirit   .   (helmet restricted)
rElec    .         Reflect  .   (no cloak)
rCorr    .         Harm     .   (no gloves)
MR       .....                  c - +0 pair of boots
Stlth    +.........             p - amulet of regeneration
HPRegen  0.55/turn              (no ring)
MPRegen  0.09/turn              (no ring)

@: hasted, very quick
A: unfitting armour, cold-blooded, AC +5
a: Berserk, Trog's Hand, Burn Spellbooks, Renounce Religion


You were on level 3 of the Dungeon.
You worshipped Trog.
Trog was pleased with you.
You were hungry.

You visited 1 branch of the dungeon, and saw 3 of its levels.

You collected 81 gold pieces.

Inventory:

Hand Weapons
 a - a +0 hand axe (weapon)
 e - a +1 dagger of venom
Armour
 c - a +0 pair of boots (worn)
 l - a +0 large shield (worn)
Jewellery
 p - an amulet of regeneration (around neck)
Scrolls
 d - a scroll of enchant weapon {unknown}
 f - a scroll of random uselessness {unknown}
 g - a scroll of identify
 i - a scroll of teleportation
 k - a scroll of enchant armour {unknown}
 r - a scroll of recharging {unknown}
 t - a scroll of noise {unknown}
 u - a scroll of fear {unknown}
 v - a scroll of magic mapping {unknown}
Potions
 h - a potion of degeneration {unknown}
 j - a potion of agility {unknown}
 m - a potion of brilliance {unknown}
 o - a potion of ambrosia {unknown}
 s - a potion of haste
Comestibles
 b - 2 bread rations
 n - 4 fruits
 q - a meat ration


   Skills:
 * Level 4.4 Fighting
 * Level 4.1 Axes
 * Level 3.7 Dodging
 + Level 1.3 Shields


You had 4 spell levels left.
You didn't know any spells.

Dungeon Overview and Level Annotations

Branches:
Dungeon (3/15)

Altars:
Ashenzari
Fedhas


Innate Abilities, Weirdness & Mutations

Your plain brown scales are hard. (AC +5)
You cannot fit into any form of body armour.
You are cold-blooded and may be slowed by cold attacks.


Message History

You slash the jackal!
You kill the jackal!
Trog accepts your kill.
The orc priest mumbles some strange prayers to Beogh against you.
You barely resist. The orc priest hits you with a flail!
* * * LOW HITPOINT WARNING * * *
The jackal barks!
You closely miss the orc priest. You closely miss the orc priest.
You tail-slap the orc priest.
The orc priest is lightly wounded.
The orc priest mumbles some strange prayers to Beogh against you.
Pain shoots through your body!
* * * LOW HITPOINT WARNING * * *
You hit the orc priest.
The orc priest is moderately wounded.
You hit the orc but do no damage. You tail-slap the orc.
The orc is lightly wounded.
You closely miss the orc priest. The orc priest hits you with a flail!
You die...

#...# #####$o#.o.#
....##### ##.....####h#
### #.##[.....##..#####
#.#...### . # #....##
#...P[..$ .....#.##
###..#...###
######.######.h..######
..^$.........g%...[.#
#############o.###...
######@o## #..†...##
#.?###### ... #


You could see an orc priest, an orc, a jackal and a hobgoblin.

Vanquished Creatures
  An orc wizard (D:3)
  Terence (D:2)
  4 adders (D:2)
  4 worms
  2 dart slugs
  2 leopard geckos
  2 giant cockroaches (D:2)
  3 goblins
  7 hobgoblins
  13 jackals
  A quokka (D:3)
  6 bats
  3 frilled lizards
  6 kobolds
  9 rats
64 creatures vanquished.

Notes
Turn   | Place    | Note
-------+----------+-------------------------------------------
     0 | D:1      | CanOfBees the Draconian Berserker began the quest for the Orb.
     0 | D:1      | Reached XP level 1. HP: 19/19 MP: 1/1
   873 | D:1      | Reached XP level 2. HP: 26/26 MP: 2/2
  1296 | D:2      | Reached XP level 3. HP: 28/33 MP: 3/3
  1368 | D:2      | Found a shattered altar of Ashenzari.
  1463 | D:2      | Reached ** piety under Trog
  1653 | D:2      | Reached XP level 4. HP: 40/40 MP: 4/4
  1883 | D:2      | Found a shattered altar of Ashenzari.
  1967 | D:2      | Noticed Terence
  1980 | D:2      | Killed Terence
  1980 | D:2      | Reached skill level 1 in Shields
  2163 | D:2      | Found a blossoming altar of Fedhas.
  2703 | D:3      | Reached XP level 5. HP: 7/47 MP: 5/5
  2742 | D:3      | Slain by an orc priest

Vault maps used:
D:1:      eino_arrival_tree_alley, minmay_heptomino_d4
D:2:      nicolae_overflow_crystal_walls, kennysheep_flooded_box,
          evilmike_ruin_ashenzari, uniq_terence
D:3:      lemuel_doored_altar, first_bread, elyvilon_altar_1

Skill      XL: |  1  2  3  4 |
---------------+-------------+-----
Dodging        | 3 |  3.7
Fighting       | 4 |  4.4
Axes           | 4 |  4.1
Shields        | 1 |  1.3

Action                   |  1- 3 |  4- 6 || total
-------------------------+-------+-------++-------
Melee: Hand axe          |   122 |   133 ||   255
       Tailslap          |    12 |    16 ||    28
Invok: Trog's Hand       |       |     1 ||     1
  Use: Scroll            |     1 |     2 ||     3
       Potion            |       |     1 ||     1
 Stab: Sleeping          |     1 |     1 ||     2
  Eat: Chunk             |     2 |     4 ||     6
Armor: Skin              |    42 |    42 ||    84
Dodge: Dodged            |    72 |    31 ||   103
Block: Large shield      |    45 |   117 ||   162

Table legend:
 A = Spawn XP
 B = Non-spawn XP
 C = Spawn XP percentage of total XP
 D = Spawn monster count
 E = Non-spawn monster count
 F = Spawn count percentage of total count
 G = Total turns spent on level
                    A         B        C        D         E        F      G
               +---------+---------+-------+---------+---------+-------+---------
         Total |       0 |     243 |   0.0 |       0 |      64 |   0.0 |  2742
               +---------+---------+-------+---------+---------+-------+---------
           D:1 |       0 |      27 |   0.0 |       0 |      15 |   0.0 |  1240
           D:2 |       0 |     152 |   0.0 |       0 |      37 |   0.0 |  1289
           D:3 |       0 |      64 |   0.0 |       0 |      12 |   0.0 |   213
               +---------+---------+-------+---------+---------+-------+---------
